 Dungeon Crawl Stone Soup version 0.26-a0-597-gb535b0901c (webtiles) character file.

Game seed: 8967364193440328636

111496 Lanoc the Unseen (level 17, -2/114 HPs)
             Began as a Kobold Delver on Sept 7, 2020.
             Was a High Priest of Ru.
             Slain by a harpy (11 damage)
             ... on level 1 of the Shoals.
             The game lasted 01:16:55 (40342 turns).

Lanoc the Unseen (Kobold Delver)                   Turns: 40342, Time: 01:16:55

Health: -2/114     AC: 16    Str: 12    XL:     17   Next: 12%
Magic:  15/15      EV: 26    Int:  9    God:    Ru [*****.]
Gold:   2254       SH:  7    Dex: 20    Spells: 16/16 levels left

rFire    + + .     SeeInvis .   a - +2 dagger (drain)
rCold    + + .     Faith    .   g - +0 buckler
rNeg     + + .     Spirit   .   G - +3 ring mail {rF+}
rPois    .         Reflect  .   M - +2 hat
rElec    +         Harm     .   (no cloak)
rCorr    .                      (no gloves)
MR       +....                  (no boots)
Stlth    +++++++++.             (no amulet)
HPRegen  0.29/turn              j - ring of Qiluc {rElec rF+ rC+ rN++ Int-3}
MPRegen  0.14/turn              J - ring "Fev Us Lerr" {+Fly rC+ AC+4 Str+2 Stlth+}

@: about to teleport, barbed spikes
A: small, clumsy 1, low mp 1, nightstalker 3, inability to use devices, hated by
all, no conjurations magic, no earth magic, no hexes magic
a: Draw Out Power, Power Leap, Apocalypse, Renounce Religion


You were on level 1 of the Shoals.
You worshipped Ru.
Ru was extremely pleased with you.
You visited 6 branches of the dungeon, and saw 25 of its levels.
You also visited: Sewer and Volcano.

You collected 2362 gold pieces.
You spent 108 gold pieces at shops.

Inventory:

Hand Weapons
 a - a +2 dagger of draining (weapon)
 b - a +2 scimitar of flaming
Missiles
 e - 2 curare-tipped darts
 s - 3 atropa-tipped darts (quivered)
 E - 5 datura-tipped darts
Armour
 g - a +0 buckler (worn)
 p - the +7 chain mail "Iwajyez" {-Tele Dex+5}
   (You found it on level 6 of the Lair of Beasts)

   It affects your dexterity (+5).
   It prevents most forms of teleportation.
 G - a +3 ring mail of fire resistance (worn)
 H - a +0 kite shield
 M - a +2 hat (worn)
Jewellery
 j - the ring of Qiluc (left hand) {rElec rF+ rC+ rN++ Int-3}
   (You found it on level 4 of the Dungeon)

   [ring of protection from cold]

   It affects your intelligence (-3).
   It protects you from fire.
   It protects you from cold.
   It insulates you from electricity.
   It greatly protects you from negative energy.
 q - an uncursed ring of resist corrosion
 J - the ring "Fev Us Lerr" (right hand) {+Fly rC+ AC+4 Str+2 Stlth+}
   (You took it off an ogre mage on level 15 of the Dungeon)

   [ring of protection]

   It affects your AC (+4).
   It affects your strength (+2).
   It protects you from cold.
   It lets you fly.
   It makes you more stealthy.
Scrolls
 c - 4 scrolls of fog
 h - a scroll of fear
 l - 7 scrolls of amnesia
 o - 5 scrolls of immolation
 r - 5 scrolls of blinking
 t - 4 scrolls of enchant armour
 v - 3 scrolls of enchant weapon
 w - 4 scrolls of teleportation
 y - 2 scrolls of magic mapping
 B - a scroll of identify
 D - 6 scrolls of remove curse
 K - a scroll of holy word
Potions
 d - 2 potions of resistance
 f - 3 potions of haste
 i - 7 potions of mutation
 k - 4 potions of magic
 m - 8 potions of ambrosia
 n - 8 potions of curing
 u - a potion of might
 x - 6 potions of flight
 z - a potion of brilliance
 A - 6 potions of lignification
 F - 6 potions of stabbing
 I - 2 potions of invisibility


   Skills:
 + Level 15.7 Fighting
 - Level 10.0 Short Blades
 + Level 9.7 Armour
 + Level 16.6 Dodging
 + Level 19.9 Stealth
 - Level 5.6 Shields


You had 16 spell levels left.
You didn't know any spells.
Your spell library contained the following spells:

 Spells                   Type           Power        Failure   Level
 Beastly Appendage        Tmut           #.....       61%         1
 Freeze                   Ice            #...         61%         1
 Blink                    Tloc           N/A          75%         2
 Corpse Rot               Necr/Air       N/A          75%         2
 Wereblood                Tmut           #.......     75%         2
 Frozen Ramparts          Ice            #.....       93%         3
 Gell's Gravitas          Tloc           #.........   93%         3
 Lesser Beckoning         Tloc           #.........   93%         3
 Ozocubu's Armour         Ice            #.......     93%         3
 Spider Form              Tmut/Pois      #.........   93%         3
 Ice Form                 Ice/Tmut       #.......     100%        4
 Blade Hands              Tmut           #.........   100%        5
 Eringya's Noxious Bog    Tmut/Pois      #.........   100%        6
 Hydra Form               Tmut           #.........   100%        6
 Magic Dart               Conj           Unusable     N/A         1
 Call Imp                 Summ           Unusable     N/A         2
 Slow                     Hex            Unusable     N/A         2
 Call Canine Familiar     Summ           Unusable     N/A         3
 Conjure Flame            Conj/Fire      Unusable     N/A         3
 Mephitic Cloud           Conj/Pois/Air  Unusable     N/A         3
 Stone Arrow              Conj/Erth      Unusable     N/A         3
 Hailstorm                Conj/Ice       Unusable     N/A         4
 Iskenderun's Mystic Bla  Conj/Tloc      Unusable     N/A         4
 Summon Ice Beast         Ice/Summ       Unusable     N/A         4
 Summon Forest            Summ/Tloc      Unusable     N/A         5
 Summon Hydra             Summ           Unusable     N/A         7

Dungeon Overview and Level Annotations

Branches:
Dungeon (15/15)            Temple (1/1) D:5            Lair (6/6) D:8
 Shoals (1/4) Lair:4       Spider (0/4) Lair:3        Slime (0/5) Lair:5
    Orc (2/2) D:9             Elf (2/3) Orc:2        Vaults (0/5) D:13
 Depths (0/5) D:15          Sewer (visited)         Volcano (visited)

Altars:
Cheibriados
Dithmenos
Fedhas
Gozag
Hepliaklqana
Kikubaaqudgha
Makhleb
Nemelex Xobeh
Okawaru
Ru
Trog
Vehumet
Wu Jian
Xom
Beogh
Jiyva

Shops:
D:9 (*   D:10 (   Orc:2 ?(=:*   Elf:1 :

Portals:
Abyss: Lair:6

Annotations:
D:4 braks's ghost, amateur DrCj; zealot1's ghost, amateur MiBe
D:11 1 runed translucent door, melvinkitnick's ghost, journeyman OpCj
Lair:1 exclusion: oklob plant
Lair:5 1 transporter, DEFE's ghost, journeyman FeFi
Lair:6 Sunetuk's ghost, journeyman DrCj


Innate Abilities, Weirdness & Mutations

You are small and have problems with some larger weapons.
You are clumsy. (Dex -2)
Your magical capacity is low. (-10% MP)
You are completely attuned to the shadows.
You cannot study or use magical devices.
You are hated by all.
You cannot study or cast Conjurations magic.
You cannot study or cast Earth magic.
You cannot study or cast Hexes magic.


Message History

You skewer the harpy like a kebab!!!
You kill the harpy!
Your life force feels restored.
The harpy misses you. x2; The harpy completely misses you.
You block the harpy's attack. The harpy completely misses you.
You block the harpy's attack. The harpy claws you but does no damage.
The harpy closely misses you.
You redirect the manticore's attack!
The manticore bites itself.
The manticore claws itself!
The manticore claws itself.
You strike the helpless manticore from behind!
You perforate the manticore like a sieve!!!
You kill the manticore!
The harpy claws you!
* * * LOW HITPOINT WARNING * * *
The harpy completely misses you. x2; The harpy claws you.
* * * LOW HITPOINT WARNING * * *
You block the harpy's attack. The harpy misses you.
The harpy barely misses you. You block the harpy's attack. The harpy claws you!
You die...

##......≈...
####........≈.≈
...........≈≈≈≈
≈≈≈......###...≈≈≈
≈≈≈≈......##...≈≈≈.
≈≈≈≈≈≈≈≈≈.≈≈≈≈≈≈..##
≈≈≈.≈≈≈...≈≈≈≈≈....#
≈≈≈≈≈≈≈.....≈≈≈HH≈...#
≈≈≈≈≈≈.....≈≈≈≈H@H...#
≈≈≈≈≈..#....≈≈≈≈≈≈≈...
≈≈≈≈...#....≈≈≈≈≈≈≈≈≈)
≈..........≈≈≈≈≈≈≈≈≈≈.
.....##....≈≈≈≈≈≈≈≈≈≈
..#####.##.≈≈≈≈≈≈ ..#
#...≈.≈≈≈≈≈≈ .##
#......≈≈≈≈≈≈ .#
##.....≈≈≈≈≈≈


You could see 4 harpies.

Vanquished Creatures
  Jorgrun (Elf:1)
  Gastronok (Lair:2)
  A sphinx (D:15)
  A tengu reaver (D:15)
  A fire giant (D:15)
  3 dire elephants (Lair:6)
  6 hydras
  8 vault guards (D:13)
  An anaconda (Lair:6)
  7 centaur warriors
  10 two-headed ogres
  An ogre mage (D:15)
  4 death yaks (Lair:6)
  An orc high priest (Orc:2)
  A thrashing horror (Lair:6)
  A fire crab (shapeshifter) (D:9)
  A large abomination (Lair:6)
  4 unseen horrors
  A deep elf archer (Elf:1)
  A sea snake (Shoals:1)
  5 orc knights
  A phantasmal warrior (D:15)
  3 harpies (Shoals:1)
  5 deep elf magi (Elf:1)
  2 orc sorcerers
  A cyclops (D:15)
  7 ugly things
  9 fauns (Shoals:1)
  4 manticores
  4 merfolk sirens
  20 elephants
  An elephant (shapeshifter) (D:15)
  Maurice (D:12)
  A black mamba (Lair:6)
  Joseph (D:10)
  2 water nymphs
  A torpor snail (Lair:3)
  4 gargoyles
  9 cane toads
  5 rime drakes
  A kobold demonologist (D:14)
  10 komodo dragons
  An efreet (D:15)
  A freezing wraith (D:15)
  A hellwing (Lair:6)
  2 ice devils (Lair:6)
  5 merfolk
  3 jumping spiders (Lair:3)
  4 trolls
  A polar bear (Lair:6)
  4 hornets
  A queen bee (Lair:1)
  9 slime creatures
  17 blink frogs
  13 hippogriffs
  2 snapping turtles
  A meliai zombie (D:14)
  A centaur simulacrum (D:15)
  A vampire (D:13)
  A spriggan (Lair:6)
  30 yaks
  5 wraiths
  A fire elemental (Elf:1)
  2 redbacks (Lair:3)
  4 basilisks
  5 water elementals
  A wyvern (D:11)
  A human (shapeshifter) (D:14)
  7 vampire mosquitoes
  2 acid dragons
  5 wargs
  11 water moccasins
  A soldier ant (D:13)
  9 porcupines
  40 orc warriors
  5 sky beasts
  3 black bears
  4 ice beasts
  3 eyes of draining
  Purgy (Sewer)
  A necrophage (D:8)
  11 ogres
  A hornet zombie (D:7)
  A phantom (D:10)
  3 boggarts (D:15)
  27 centaurs
  8 crocodiles
  24 bullfrogs
  4 big kobolds
  7 scorpions
  A wyvern zombie (D:8)
  A wyvern skeleton (D:14)
  17 wights
  28 killer bees
  3 electric eels (D:14)
  A howler monkey (D:14)
  2 bullfrog zombies
  2 quasits
  2 centaur zombies
  3 jellies
  13 orc priests
  4 hounds
  4 bullfrog skeletons
  5 centaur skeletons
  A gnoll shaman (D:8)
  21 orc wizards
  9 hell rats (Lair:5)
  5 iguanas
  11 worker ants
  A hound zombie (D:8)
  A hound skeleton (D:7)
  3 worker ant zombies
  3 gnolls (D:7)
  12 adders
  3 shadow imps
  6 white imps
  2 ufetubi
  2 adder zombies
  An ooze (D:4)
  An adder skeleton (D:6)
  4 worms
  2 dart slugs (D:3)
  5 leopard geckos
  81 orcs
  6 ball pythons
  5 giant cockroaches
  4 hobgoblins
  6 jackals
  5 quokkas
  A ball python zombie (D:5)
  3 bats
  11 frilled lizards
  22 kobolds
  2 quokka skeletons (D:4)
  4 rats (D:3)
776 creatures vanquished.

Vanquished Creatures (others)
  2 deep elf magi (Elf:1)
  A cane toad (Lair:1)
  A redback (Lair:3)
  2 water elementals (Elf:1)
  An orc warrior (Orc:2)
  2 boggarts (D:15)
  2 orc wizards
  2 orcs
  39 fungi
  157 plants
209 creatures vanquished.

Grand Total: 985 creatures vanquished

Notes
Turn   | Place    | Note
-------+----------+-------------------------------------------
     0 | D:5      | Lanoc the Kobold Delver began the quest for the Orb.
     0 | D:5      | Reached XP level 1. HP: 14/14 MP: 1/1
     6 | D:5      | Found a sacrificial altar of Ru.
    10 | D:5      | Noticed an orc wizard
    13 | D:5      | Killed an orc wizard
    13 | D:5      | Reached skill level 7 in Stealth
    13 | D:5      | Reached XP level 2. HP: 20/20 MP: 2/2
    13 | D:5      | Reached XP level 3. HP: 24/24 MP: 3/3
    30 | D:5      | Became a worshipper of Ru the Awakened
    71 | D:5      | Found an opulent altar of Gozag.
   191 | D:4      | Reached XP level 4. HP: 29/29 MP: 4/4
   202 | D:4      | Got a scintillating copper ring
   203 | D:4      | Identified the ring of Qiluc {rElec rF+ rC+ rN++ Int-3}
                  | (You found it on level 4 of the Dungeon)
   278 | D:4      | Reached XP level 5. HP: 34/34 MP: 5/5
   847 | D:4      | Reached skill level 8 in Stealth
   847 | D:4      | Reached XP level 6. HP: 28/40 MP: 6/6
  1152 | D:4      | Found a runed translucent gate.
  1152 | D:4      | Found a runed translucent gate.
  1152 | D:4      | Found a runed translucent gate.
  1489 | D:4      | Reached skill level 5 in Fighting
  1731 | D:4      | Noticed zealot1's ghost (amateur MiBe)
  1731 | D:4      | Noticed braks's ghost (amateur DrCj)
  1767 | D:3      | Gained mutation: You cannot study or use magical devices.
                  | [Ru sacrifice]
  1767 | D:3      | Reached * piety under Ru
  1767 | D:3      | Reached ** piety under Ru
  1839 | D:3      | Reached skill level 5 in Dodging
  1839 | D:3      | Reached XP level 7. HP: 20/44 MP: 7/7
  2941 | D:5      | Found a staircase to the Ecumenical Temple.
  2947 | Temple   | Entered the Ecumenical Temple
  2971 | D:5      | Found a bloodstained altar of Trog.
  3135 | D:5      | Reached skill level 9 in Stealth
  3549 | D:6      | Found a shadowy altar of Dithmenos.
  3550 | D:6      | You fall into a shaft and drop 1 floor!
  3552 | D:7      | Reached XP level 8. HP: 51/51 MP: 8/8
  3579 | D:6      | Got a polished leather armour
  3617 | D:6      | Found a glowing drain.
  3626 | Sewer    | Entered a sewer
  3700 | Sewer    | Noticed Purgy
  3709 | Sewer    | Killed Purgy
  3709 | Sewer    | Reached skill level 5 in Short Blades
  4462 | D:6      | Gained mutation: You cannot study or cast Earth magic. [Ru
                  | sacrifice]
  4462 | D:6      | Gained mutation: You cannot study or cast Hexes magic. [Ru
                  | sacrifice]
  4462 | D:6      | Gained mutation: You cannot study or cast Conjurations
                  | magic. [Ru sacrifice]
  4462 | D:6      | Reached *** piety under Ru
  4539 | D:6      | Reached skill level 10 in Stealth
  4639 | D:6      | Identified the +0 leather armour "Cayrri" {Int+2} (You
                  | found it on level 6 of the Dungeon)
  4826 | D:7      | Reached XP level 9. HP: 44/57 MP: 9/9
  5238 | D:8      | Noticed a two-headed ogre
  5239 | D:8      | Killed a two-headed ogre
  5239 | D:8      | Reached skill level 11 in Stealth
  5516 | D:8      | Reached XP level 10. HP: 64/64 MP: 10/10
  5562 | D:8      | Noticed a two-headed ogre
  5563 | D:8      | Killed a two-headed ogre
  5563 | D:8      | Reached skill level 12 in Stealth
  5899 | D:8      | Noticed a manticore
  5915 | D:8      | Killed a manticore
  6323 | D:8      | Reached XP level 11. HP: 71/71 MP: 11/11
  6540 | D:8      | Found a shimmering altar of Xom.
  6579 | D:8      | Found a staircase to the Lair.
  6594 | D:8      | Found a radiant altar of Vehumet.
  6655 | D:8      | Found a burning altar of Makhleb.
  6736 | D:8      | Found a hazy altar of Hepliaklqana.
  6967 | D:7      | Reached skill level 10 in Dodging
  7584 | D:7      | Reached skill level 10 in Short Blades
  7713 | D:9      | Reached skill level 13 in Stealth
  7714 | D:9      | Found a staircase to the Orcish Mines.
  7726 | D:9      | Found Borow's Weapon Boutique.
  7903 | D:9      | Reached skill level 10 in Fighting
  8101 | D:9      | Found Sunkugei's General Store.
  8410 | D:9      | Found a sparkling altar of Nemelex Xobeh.
  8413 | D:9      | Found a faded altar of an unknown god.
  8414 | D:9      | Found an iron altar of Okawaru.
  8415 | D:9      | Found an ornate altar of the Wu Jian Council.
  8420 | D:9      | Found a faded altar of an unknown god.
  8702 | D:9      | Found a snail-covered altar of Cheibriados.
  8746 | D:9      | Noticed a fire crab
  8756 | D:9      | Killed a fire crab
  8983 | D:10     | Entered Level 10 of the Dungeon
  9607 | D:10     | Noticed a two-headed ogre
  9612 | D:10     | Killed a two-headed ogre
  9612 | D:10     | Reached skill level 14 in Stealth
  9646 | D:10     | Noticed Joseph
  9651 | D:10     | Killed Joseph
  9844 | D:10     | Found Cioniput's Weapon Shop.
 10327 | D:11     | Reached skill level 1 in Armour
 10327 | D:11     | Reached XP level 12. HP: 79/79 MP: 12/12
 10511 | D:11     | Found a runed translucent door.
 10522 | D:11     | Noticed melvinkitnick's ghost (journeyman OpCj)
 10704 | D:11     | Noticed a four-headed hydra
 10738 | D:11     | Killed a four-headed hydra
 11544 | D:11     | Killed an unseen horror
 11770 | D:12     | Reached skill level 15 in Stealth
 11806 | D:12     | Found an opulent altar of Gozag.
 12056 | D:12     | Noticed Maurice
 12059 | D:12     | Killed Maurice
 12802 | D:12     | Gained mutation: Your magical capacity is low. (-10% MP)
                  | [Ru sacrifice]
 12945 | D:12     | Noticed a two-headed ogre
 12967 | D:12     | Killed a two-headed ogre
 13119 | D:13     | Noticed a centaur warrior
 13146 | D:12     | Killed a centaur warrior
 13541 | D:13     | Reached XP level 13. HP: 86/86 MP: 11/11
 13560 | D:13     | Noticed a centaur warrior
 13566 | D:13     | Killed a centaur warrior
 13839 | D:13     | Noticed a centaur warrior
 13843 | D:13     | Killed a centaur warrior
 13845 | D:13     | Reached skill level 16 in Stealth
 13940 | D:13     | Reached skill level 5 in Armour
 14144 | D:13     | Noticed a vault guard
 14144 | D:13     | Noticed a vault guard
 14144 | D:13     | Noticed a vault guard
 14144 | D:13     | Noticed a vault guard
 14145 | D:13     | Found a gate to the Vaults.
 14145 | D:13     | Noticed a vault guard
 14145 | D:13     | Noticed a vault guard
 14145 | D:13     | Noticed a vault guard
 14851 | D:13     | Noticed a centaur warrior
 14855 | D:13     | Killed a centaur warrior
 14860 | D:13     | Noticed a centaur warrior
 14868 | D:13     | Killed a centaur warrior
 14971 | D:13     | Killed a vault guard
 15014 | D:13     | Killed a vault guard
 15026 | D:13     | Killed a vault guard
 15212 | D:13     | Killed a vault guard
 15441 | D:13     | Killed a vault guard
 15512 | D:13     | Killed a vault guard
 15619 | D:13     | Killed a vault guard
 15884 | D:14     | Reached XP level 14. HP: 94/94 MP: 12/12
 16121 | D:14     | Reached skill level 17 in Stealth
 18313 | D:14     | Gained mutation: You are hated by all. [Ru sacrifice]
 18313 | D:14     | Reached **** piety under Ru
 18507 | D:15     | Entered Level 15 of the Dungeon
 19032 | D:15     | Found a staircase to the Depths.
 19032 | D:15     | Noticed a fire giant
 19036 | D:15     | Killed a fire giant
 19508 | D:15     | Noticed a sphinx
 19512 | D:15     | Killed a sphinx
 20786 | D:15     | Noticed a tengu reaver
 21119 | D:15     | Identified the +2 hand axe "Ylinkun" {drain, rElec rF+ rC+}
 21119 | D:15     | Identified the ring "Fev Us Lerr" {+Fly rC+ AC+4 Str+2
                  | Stlth+}
 21850 | D:15     | Killed a tengu reaver
 22168 | D:15     | Reached skill level 18 in Stealth
 22418 | Orc:1    | Entered Level 1 of the Orcish Mines
 22833 | Orc:2    | Entered Level 2 of the Orcish Mines
 22839 | Orc:2    | Gained mutation: You are clumsy. (Dex -2) [Ru sacrifice]
 22839 | Orc:2    | Reached ***** piety under Ru
 22908 | Orc:2    | Found a roughly hewn altar of Beogh.
 22913 | Orc:2    | Reached skill level 15 in Dodging
 22913 | Orc:2    | Reached XP level 15. HP: 100/100 MP: 13/13
 24181 | Orc:2    | Found a staircase to the Elven Halls.
 24683 | Orc:2    | Found Qialoas's Jewellery Boutique.
 24683 | Orc:2    | Found Zaqo's Antique Weapon Shoppe.
 24683 | Orc:2    | Found Fiwny's Magic Scroll Emporium.
 24684 | Orc:2    | Found Xecu's Book Shop.
 24803 | Orc:2    | Found Ysakh's Assorted Antiques.
 24808 | Orc:2    | Bought a scroll labeled KEIPRE REWUHOU for 36 gold pieces
 24808 | Orc:2    | Bought a scroll labeled LIEMNA IBEAJEO for 36 gold pieces
 24808 | Orc:2    | Bought a scroll labeled QYUMUN QEUSMOMA for 36 gold pieces
 24996 | Orc:2    | Paralysed by an orc sorcerer for 3 turns
 25763 | Lair:1   | Entered Level 1 of the Lair of Beasts
 27488 | Lair:2   | Noticed Gastronok
 27513 | Lair:2   | Killed Gastronok
 28420 | Lair:3   | Reached skill level 1 in Shields
 28548 | Lair:3   | Identified the Compendium of Calling and Dislocation
 28603 | Lair:3   | Found a hole to the Spider Nest.
 28813 | Lair:3   | Found a runed translucent door.
 30402 | Lair:4   | Found a staircase to the Shoals.
 30423 | Lair:4   | Found a dark tunnel.
 30508 | Volcano  | Entered a volcano
 30512 | Volcano  | Reached skill level 19 in Stealth
 31297 | Lair:4   | Reached XP level 16. HP: 107/107 MP: 14/14
 31496 | Lair:4   | Reached skill level 15 in Fighting
 32185 | Lair:5   | Identified the cursed +1 demon trident "Reusach" {vamp,
                  | MP+9}
 32227 | Lair:5   | Found a transporter.
 32241 | Lair:5   | Found a transporter.
 32263 | Lair:5   | Identified the +0 trident "Killer Klown's Doom" {protect,
                  | rN+ Int+3}
 33084 | Lair:5   | Found a viscous altar of Jiyva.
 33085 | Lair:5   | Found a staircase to the Slime Pits.
 33437 | Lair:5   | Noticed DEFE's ghost (journeyman FeFi)
 33540 | Lair:5   | Found a blossoming altar of Fedhas.
 34058 | Lair:5   | Found a bloodstained altar of Trog.
 34159 | Lair:6   | Entered Level 6 of the Lair of Beasts
 34785 | Lair:6   | Got a slimy chain mail
 34796 | Lair:6   | Identified the +7 chain mail "Iwajyez" {-Tele Dex+5} (You
                  | found it on level 6 of the Lair of Beasts)
 35859 | Lair:6   | Found a transporter.
 35864 | Lair:6   | Found a transporter.
 35886 | Lair:6   | Found a one-way gate to the infinite horrors of the Abyss.
 35886 | Lair:6   | Noticed Sunetuk's ghost (journeyman DrCj)
 35988 | Lair:6   | Reached skill level 5 in Shields
 37533 | Elf:1    | Entered Level 1 of the Elven Halls
 37583 | Elf:1    | Noticed Jorgrun
 37587 | Elf:1    | Killed Jorgrun
 37756 | Elf:1    | Found Wubouw's Book Shoppe.
 38267 | Shoals:1 | Entered Level 1 of the Shoals
 39546 | Shoals:1 | Reached XP level 17. HP: 98/113 MP: 15/15
 40342 | Shoals:1 | Slain by a harpy

Illustrated notes

Levels and vault maps discovered:
D:3:      layout_basic
D:4:      layout_loops_cross, gammafunk_ghost_cemetery, serial_co_window_serial,
          co_window_corner_a, co_window_paths_a, co_window_of_opportunity_a,
          co_window_corner_a, co_window_paths_b, co_window_broadway_c,
          co_window_of_opportunity_c, co_window_broadway_b,
          co_window_of_opportunity_b, co_window_2corner, co_window_broadway_c,
          co_window_paths_c, co_window_paths_d
D:5:      layout_basic, nicolae_ru_great_annihilating_truth, bloody_trog,
          minmay_temple_entry_statues_fountains, basic_altar, kennysheep_donut,
          grunt_decor_resistance
D:6:      layout_rooms, kennysheep_mini, portal_sewer_entry_a
D:7:      layout_basic
D:8:      minmay_imperfect_grid, layout_rooms, lemuel_crystal_altar,
          vehumet_crystals, tgw_xom, kennysheep_little_box
D:9:      layout_gridville, chequers_temple_overflow_minitemple,
          cheibriados_altar_1, orc_david_3, serial_shops, shop, kb_rosetta
D:10:     layout_cross, serial_shops, nicolae_shop_statue_plus, minivault_25_ag,
          uniq_joseph
D:11:     layout_roguey, hellmonk_ghost_happy_afterlife
D:12:     layout_basic, basic_altar, serial_bayou_pond_b, uniq_maurice
D:13:     layout_roguey, erik_vaults_2
D:14:     layout_cave_pools, serial_bayou, serial_bayou_shore_a,
          serial_bayou_pond_d, serial_bayou_lagoon_a, serial_bayou_lake_a,
          onia_ninara_dug_in_and_dangerous
D:15:     grunt_enter_depths_giant_problem, layout_layer_cave,
          minmay_misc_feat_room, minmay_diamond_spiral
Temple:   eino_temple_lava
Lair:1:   layout_loops_ring, special_room [special_room_bee],
          minmay_lair_oklob_bushes, grunt_megastairs_1
Lair:2:   layout_loops_ring, uniq_gastronok
Lair:3:   layout_gridlike, nicolae_spider_entry_tight_spaces, serial_forest,
          infiniplex_forest_pool, infiniplex_forest_end_2,
          infiniplex_forest_straight_3, infiniplex_forest_clump_long,
          infiniplex_forest_straight_4, infiniplex_forest_end_3, pf_torpor_hydra
Lair:4:   layout_cave_pods, elwin_shoals_entry_stream,
          nicolae_volcano_entry_two_sided, nicolae_lair_grove_arrangements,
          grunt_megastairs_2
Lair:5:   layout_small_grid, dpeg_slime_entry_enclosed_altar,
          gammafunk_ghost_wrathful_warriors, serial_bayou_pond_a,
          lemuel_centaur_altar
Lair:6:   due_jungle_book, layout_regular_city, gammafunk_ghost_abyssal_escape
Shoals:1: layout_shoals
Orc:1:    layout_caves, serial_shops, shop_fountains, mines_bat_river
Orc:2:    st_orc_rangers, layout_caves, serial_shops,
          nicolae_shop_window_shopping, kennysheep_orc_chapel
Elf:1:    minmay_elf_arrival_summoners, layout_loops_cross, serial_shops,
          nicolae_shop_trees, hangedman_elf_represent, uniq_jorgrun
Elf:2:    layout_onion_city, small_chamber_with_monster, grunt_ministairs_9

Skill      XL: |  1  2  3  4  5  6  7  8  9 10 11 12 13 14 15 16 |
---------------+-------------------------------------------------+-----
Dodging        | 3 4 5 7 8 9 11 12 13 15 16 | 16.6
Stealth        | 7 8 9 10 11 12 14 15 16 18 19 | 19.9
Fighting       | 4 5 7 8 9 10 12 13 14 15 | 15.7
Short Blades   | 3 4 6 7 9 10 | 10.0
Armour         | 1 4 6 7 8 9 |  9.7
Shields        | 2 5 |  5.6

Action                   |  1- 3 |  4- 6 |  7- 9 | 10-12 | 13-15 | 16-18 || total
-------------------------+-------+-------+-------+-------+-------+-------++-------
Melee: Short sword       |    17 |    38 |       |       |       |       ||    55
       Dagger            |       |    55 |   356 |  1084 |  3343 |  1407 ||  6245
       Scimitar          |       |       |       |       |    17 |    48 ||    65
Throw: Dart              |       |     3 |     1 |       |       |       ||     4
Invok: Sacrifice Artific |       |     1 |       |       |       |       ||     1
       Sacrifice Arcana  |       |       |     1 |       |       |       ||     1
       Reject Sacrifices |       |       |       |     1 |     1 |     1 ||     3
       Sacrifice Essence |       |       |       |     1 |       |       ||     1
       Sacrifice Purity  |       |       |       |       |     1 |       ||     1
       Sacrifice Love    |       |       |       |       |     1 |       ||     1
       Apocalypse        |       |       |       |       |       |     1 ||     1
  Use: Scroll            |       |       |     8 |     7 |    13 |    14 ||    42
       Potion            |       |       |     4 |     3 |     1 |     4 ||    12
 Stab: Sleeping          |     6 |    25 |    40 |    71 |    71 |    31 ||   244
       Distracted        |       |     1 |     4 |    11 |    34 |    13 ||    63
       Invisible         |       |       |     1 |     6 |     9 |     6 ||    22
       Petrifying        |       |       |       |       |     1 |       ||     1
       Petrified         |       |       |       |       |     1 |       ||     1
Armor: Leather armour    |     2 |    13 |    35 |    35 |       |       ||    85
       Ring mail         |       |       |       |    56 |   325 |   157 ||   538
Dodge: Dodged            |    16 |    33 |   239 |   598 |  1689 |   908 ||  3483
Block: Buckler           |       |       |       |       |    63 |   316 ||   379
       Rpst.: Scimitar   |       |       |       |       |     5 |    21 ||    26

Table legend: (Time is in decaauts)
 A = Elapsed time spent in this place.
 B = Non-inter-level travel time spent in this place.
 C = Inter-level travel time spent in this place.
 D = Time resting spent in this place.
 E = Time spent auto-exploring this place.
 F = Levels seen in this place.
 G = Mean time per level.
                   A        B        C        D        E       F      G
               +--------+--------+--------+--------+--------+-----+--------+
         Total |  37669 |  36393 |   1276 |   5683 |  22780 |  27 | 1395.1 |
       Dungeon |  20881 |  20138 |    743 |   3191 |  12904 |  13 | 1606.2 |
        Temple |     15 |     11 |      4 |      0 |     10 |   1 |   15.0 |
          Lair |  12215 |  11819 |    396 |   1705 |   7669 |   6 | 2035.8 |
        Shoals |    604 |    604 |      0 |      5 |    290 |   1 |  604.0 |
  Orcish Mines |   3241 |   3109 |    132 |    750 |   1663 |   2 | 1620.5 |
   Elven Halls |    230 |    230 |      0 |     32 |      0 |   2 |  115.0 |
         Sewer |    451 |    451 |      0 |      0 |    242 |   1 |  451.0 |
       Volcano |     28 |     28 |      0 |      0 |      0 |   1 |   28.0 |
               +--------+--------+--------+--------+--------+-----+--------+

Top non-repeatable levels by time:
    D:13: 3360 daAuts
    D:15: 3050 daAuts
  Lair:4: 3037 daAuts
  Lair:6: 2651 daAuts
   Orc:2: 2359 daAuts
  Lair:5: 2196 daAuts
  Lair:3: 2065 daAuts
    D:14: 1887 daAuts
     D:8: 1728 daAuts
     D:9: 1611 daAuts
    D:12: 1537 daAuts
     D:4: 1521 daAuts
    D:11: 1275 daAuts
     D:7: 1265 daAuts
  Lair:1: 1159 daAuts
